 Dungeon Crawl Stone Soup version 0.25.0-1-g7eea58d (webtiles) character file.

Game seed: 7290950160484256920

65 brinewave the Skirmisher (level 3, -1/35 HPs)
             Began as a Minotaur Monk on June 17, 2020.
             Was a Follower of Uskayaw.
             Slain by a killer bee (6 damage)
             ... on level 3 of the Dungeon.
             The game lasted 00:05:15 (1549 turns).

brinewave the Skirmisher (Minotaur Monk)            Turns: 1549, Time: 00:05:17

Health: -1/35      AC:  1    Str: 16    XL:     3   Next: 94%
Magic:  2/2        EV: 13    Int:  7    God:    Uskayaw [*.....]
Gold:   61         SH:  0    Dex: 12    Spells: 2/2 levels left

rFire    . . .     SeeInvis .     - Unarmed
rCold    . . .     Gourm    .   (no shield)
rNeg     . . .     Faith    .   c - -2 leather armour (curse)
rPois    .         Spirit   .   (helmet restricted)
rElec    .         Reflect  .   (no cloak)
rCorr    .         Harm     .   (no gloves)
MR       .....                  (no boots)
Stlth    +.........             (no amulet)
HPRegen  0.11/turn              (no ring)
MPRegen  0.08/turn              (no ring)

@: no status effects
A: retaliatory headbutt, horns 2
a: Stomp, Renounce Religion


You were on level 3 of the Dungeon.
You worshipped Uskayaw.
Uskayaw was noncommittal.
You were hungry.

You visited 1 branch of the dungeon, and saw 4 of its levels.

You collected 61 gold pieces.

Inventory:

Armour
 a - a +0 robe
 c - a cursed -2 leather armour (worn)
 i - a +0 leather armour
 j - a +0 leather armour
Jewellery
 h - an uncursed amulet of reflection {unknown}
Wands
 l - a wand of polymorph (5)
Scrolls
 m - a scroll of enchant weapon
 n - a scroll of magic mapping {unknown}
Potions
 d - a potion of cancellation {unknown}
 e - a potion of flight {unknown}
 f - 2 potions of heal wounds {unknown}
 g - 2 potions of might
 k - a potion of brilliance {unknown}
Comestibles
 b - 4 rations


   Skills:
 + Level 4.9 Fighting
 - Level 3.2 Dodging
 - Level 1.5 Stealth
 + Level 4.4 Unarmed Combat


You had 2 spell levels left.
You didn't know any spells.
Your spell library was empty.

Dungeon Overview and Level Annotations

Branches:
Dungeon (4/15)
 Temple: D:4-7

Altars:
Ashenzari
Elyvilon
Uskayaw
Vehumet


Innate Abilities, Weirdness & Mutations

You reflexively headbutt those who attack you in melee.
You have a pair of horns on your head.


Message History

There is a stone staircase leading down here.
You climb downwards. 3 killer bees and a scorpion come into view.
The killer bee buzzes angrily. x2; You hear an angry hiss.
Found a wand of polymorph (9), a ration and a scroll labeled QEAPIT UCOTIN.
There is a stone staircase leading up here.
The killer bee stings you! The killer bee closely misses you.
The killer bee stings you! The killer bee closely misses you.
You climb upwards.
There is a stone staircase leading down here.
You closely miss the killer bee. The killer bee stings you.
The killer bee closely misses you.
You hit the killer bee. You headbutt the killer bee!
The killer bee is almost dead.
The killer bee misses you. The killer bee stings you.
* * * LOW HITPOINT WARNING * * *
The killer bee stings you.
* * * LOW HITPOINT WARNING * * *
The killer bee stings you.
You die...

##...........##..'.
###...........#####.
#...............####
####.####........... #.#
#.####..#...
#.####.####..#...
#.........#..#...
############.##.#..#...
#.....@y.....##.#.)#...
#....y.......##.#..#...
#..................#...
#...........###.#..####
#...........# #.#..# #
#...........###.#..####
#..(......(..##.#....##
#.....(......##.##.#.##
########'####.##.##.....


You could see 2 killer bees.

Vanquished Creatures
  An ooze (D:2)
  A worm (D:2)
  A dart slug (D:1)
  A leopard gecko (D:1)
  7 orcs (D:3)
  6 giant cockroaches
  8 goblins
  4 hobgoblins
  4 bats
  4 frilled lizards
  4 kobolds
  4 rats
45 creatures vanquished.

Notes
Turn   | Place    | Note
-------+----------+-------------------------------------------
     0 | D:1      | brinewave the Minotaur Monk began the quest for the Orb.
     0 | D:1      | Reached XP level 1. HP: 19/19 MP: 0/0
   209 | D:1      | Reached XP level 2. HP: 22/27 MP: 1/1
   472 | D:2      | Reached XP level 3. HP: 31/34 MP: 2/2
   863 | D:3      | Found a hide-covered altar of Uskayaw.
   871 | D:3      | Became a worshipper of Uskayaw the Reveler
   871 | D:3      | Reached * piety under Uskayaw
   945 | D:3      | Found a shattered altar of Ashenzari.
  1021 | D:3      | Reached ** piety under Uskayaw
  1024 | D:3      | Reached *** piety under Uskayaw
  1026 | D:3      | Reached **** piety under Uskayaw
  1296 | D:3      | Found a white marble altar of Elyvilon.
  1421 | D:3      | Found a radiant altar of Vehumet.
  1545 | D:4      | Noticed a killer bee
  1545 | D:4      | Noticed a killer bee
  1545 | D:4      | Noticed a killer bee
  1545 | D:4      | Noticed a scorpion
  1549 | D:3      | Slain by a killer bee

Illustrated notes

Levels and vault maps discovered:
D:1:      lemuel_arrival_room, layout_basic, chequers_serial_rivers_micro_b,
          feat_on_display
D:2:      layout_rooms, nicolae_overflow_crystal_walls,
          gammafunk_temple_overflow_statue, first_ration
D:3:      layout_basic, vehumet_crystals, lemuel_doored_altar,
          lemuel_round_altar, evilmike_ruin_ashenzari
D:4:      kennysheep_spiral_hall, layout_loops_ring

Skill      XL: |  1  2 |
---------------+-------+-----
Fighting       | 4 |  4.9
Unarmed Combat | 4 |  4.4
Dodging        | |  3.2
Stealth        | |  1.5

Action                   || total
-------------------------++-------
Melee: Unarmed           ||    93
       Headbutt          ||    20
       Punch             ||     1
  Use: Scroll            ||     5
 Stab: Sleeping          ||     3
       Paralysed         ||     1
  Eat: Chunk             ||     1
Armor: Leather armour    ||     9
Dodge: Dodged            ||    62
